 Dungeon Crawl Stone Soup version 0.30-a0-585-g93115170b9 (webtiles) character file.

Game seed: 10597060419540369079

4 Bnni the Vexing (level 1, -2/15 HPs)
             Began as a Formicid Hexslinger on Jan 2, 2023.
             Slain by an iron imp (3 damage)
             ... summoned by Natasha
             ... on level 2 of the Dungeon.
             The game lasted 00:00:16 (293 turns).

Bnni the Vexing (Formicid Hexslinger)                Turns: 293, Time: 00:00:17

Health: -2/15      AC:  2    Str: 14    XL:     1   Next: 77%
Magic:  1/2        EV: 12    Int: 12    God:
Gold:   54         SH:  0    Dex: 14    Spells: 1/2 levels left

rFire   . . .      SeeInvis +    a - +1 sling
rCold   . . .      Faith    .    (no shield)
rNeg    . . .      Spirit   .    c - +0 robe
rPois   .          Reflect  .    (helmet unavailable)
rElec   .          Harm     .    (no cloak)
rCorr   .          Rampage  .    (no gloves)
Will    .....                    (no boots)
Stlth   +                        (no amulet)
HPRegen 0.22/turn                (no ring)
MPRegen 0.08/turn                (no ring)

@: no status effects
A: permanent stasis, dig shafts and tunnels, antennae 3, four strong arms
a: Dig, Shaft Self


You were on level 2 of the Dungeon.
You visited 1 branch of the dungeon, and saw 2 of its levels.

You collected 54 gold pieces.

Inventory:

Hand Weapons
 a - a +1 sling (weapon)
Armour
 c - a +0 robe (worn)
Scrolls
 b - a scroll of poison
 e - a scroll of vulnerability {unknown}
 f - a scroll of amnesia {unknown}
Potions
 d - a potion of berserk rage {unknown}


   Skills:
 + Level 1.2 Fighting
 * Level 2.1 Ranged Weapons
 - Level 1.7 Dodging
 + Level 1.1 Spellcasting
 * Level 3.8 Hexes
 + Level 0.1 Fire Magic


You had one spell level left.
You knew the following spells:

 Your Spells              Type           Power      Damage    Failure   Level
a - Slow                  Hex            36%        N/A       6%          1

Your spell library contained the following spells:

 Spells                   Type           Power      Damage    Failure   Level
 Inner Flame              Hex/Fire       5%         N/A       36%         3
 Portal Projectile        Hex/Tloc       10%        N/A       38%         3
 Cause Fear               Hex            4%         N/A       52%         4


Dungeon Overview and Level Annotations

Branches:
Dungeon (1/15)

Altars:

Annotations:
D:2 Natasha


Innate Abilities, Weirdness & Mutations

You cannot be hasted, slowed, berserked, paralysed or teleported.
You can dig through walls and to a lower floor.
You have a pair of large antennae on your head. (SInv)
Your four strong arms can wield two-handed weapons with a shield.


Message History

The frilled lizard closely misses you.
You shoot a sling bullet.
The sling bullet hits the frilled lizard.
You kill the frilled lizard!
f - a scroll labelled QOGEFO SOXKEOR No target in view!
You now have 54 gold pieces (gained 10).
You sense a monster nearby.
You sense a monster nearby.
No target in view!
No target in view!
No target in view!
Found a chain mail.
No target in view!
Natasha, Servant of Life and Death comes into view.
Natasha hisses angrily.
You shoot a sling bullet. The sling bullet barely misses Natasha.
Natasha is nearby!
You shoot a sling bullet.
The sling bullet closely misses Natasha.
Natasha mumbles some strange words.
Casting: Slow (safe; 6% risk of failure)
Confirm with . or Enter, or press ? or * to list all spells.
Aiming: Slow (safe; 6% risk of failure)
Press: ? - help, Shift-Dir - straight line, f/p - Natasha
Aim: Natasha (chance to affect: 43%) Natasha seems to slow down.
Natasha stares at you and mumbles some strange words.
The magic dart hits you!
Ouch! That really hurt!
You shoot a sling bullet.
The sling bullet closely misses Natasha.
Natasha claws you but does no damage.
You shoot a sling bullet.
The sling bullet hits Natasha but does no damage.
The iron imp misses you. Natasha claws you.
* * * LOW HITPOINT WARNING * * *
You shoot a sling bullet. The sling bullet barely misses Natasha.
The iron imp hits you.
You die...

### #### ..# ... #.# # ..
#.#.# # #. ###.###.#.#
#..###. ......h5[.#
#...... #@# #...##. ###
#.# #...... ##.###.#
##..##. ##.#.##.#
####..... ##.###.#.#
#........ #.## ##..#
#......## ##.###.###
#.#.#..##
###.#..##########......##
{+.......................+


You could see an iron imp (summoned) and Natasha (slow).

Vanquished Creatures
  An endoplasm (D:1)
  A goblin (D:2)
  A frilled lizard (D:2)
  A kobold (D:1)
  A rat (D:1)
5 creatures vanquished.

Notes
Turn   | Place    | Note
-------+----------+-------------------------------------------
     0 | D:1      | Bnni the Formicid Hexslinger began the quest for the Orb.
     0 | D:1      | Reached XP level 1. HP: 15/15 MP: 2/2
   176 | D:1      | You fall into a shaft and drop 1 floor!
   287 | D:2      | Noticed Natasha
   290 | D:2      | Noticed an iron imp
   293 | D:2      | Slain by an iron imp

Illustrated notes

Levels and vault maps discovered:
D:1:      denvon_arrival_hothouse, layout_loops_corners, serial_forest,
          infiniplex_forest_end_2, infiniplex_forest_straight_2,
          infiniplex_forest_clump_tiny, infiniplex_forest_clump_tiny,
          infiniplex_forest_straight_3
D:2:      layout_loops_corners, uniq_robin, uniq_natasha

Action                   || total
-------------------------++-------
 Fire: Sling             ||    12
 Cast: Slow              ||     1
Armor: Robe              ||     1
Dodge: Dodged            ||     2

Table legend: (Time is in decaauts)
 A = Elapsed time spent in this place.
 B = Non-inter-level travel time spent in this place.
 C = Inter-level travel time spent in this place.
 D = Time resting spent in this place.
 E = Time spent auto-exploring this place.
 F = Levels seen in this place.
 G = Mean time per level.
                   A        B        C        D        E       F      G
               +--------+--------+--------+--------+--------+-----+--------+
         Total |    296 |    296 |      0 |      0 |    261 |   2 |  148.0 |
       Dungeon |    296 |    296 |      0 |      0 |    261 |   2 |  148.0 |
               +--------+--------+--------+--------+--------+-----+--------+

Top non-repeatable levels by time:
     D:1: 177 daAuts
     D:2: 118 daAuts
